 Dungeon Crawl Stone Soup version 0.26-a0-651-gb41185065b (webtiles) character file.

Game seed: 17959829088858505224

(classic levelgen) 2308 EnegeticOcto the Cleaver (level 9, -16/81 HPs)
             Began as a Deep Dwarf Fighter on Oct 9, 2020.
             Was a Follower of Makhleb.
             Killed from afar by a deep elf mage (24 damage)
             ... with a bolt of lightning
             ... on level 7 of the Dungeon.
             The game lasted 00:02:07 (2918 turns).

EnegeticOcto the Cleaver (Deep Dwarf Fighter)       Turns: 2918, Time: 00:02:08

Health: -16/81     AC: 16    Str: 22    XL:     9   Next: 18%
Magic:  3/3        EV:  5    Int: 10    God:    Makhleb [*.....]
Gold:   278        SH: 11    Dex: 12    Spells: 8/8 levels left

rFire    . . .     SeeInvis .   a - +0 war axe
rCold    . . .     Faith    .   c - +0 kite shield
rNeg     . . .     Spirit   .   y - +0 plate armour
rPois    .         Reflect  .   (no helmet)
rElec    .         Harm     .   v - +0 cloak
rCorr    .         Rampage  .   t - +1 pair of gloves
MR       +....                  (no boots)
Stlth    ..........             (no amulet)
HPRegen  0.00/turn              (no ring)
MPRegen  0.08/turn              (no ring)

@: non-regenerating, slowed, very slow
A: damage resistance, heal wounds, sense surroundings 2, no regeneration
a: Heal Wounds, Renounce Religion


You were on level 7 of the Dungeon.
You worshipped Makhleb.
Makhleb was aware of your devotion.
You visited 2 branches of the dungeon, and saw 8 of its levels.

You collected 278 gold pieces.

Inventory:

Hand Weapons
 a - a +0 war axe (weapon)
Missiles
 m - a throwing net (quivered)
Armour
 b - a +0 scale mail
 c - a +0 kite shield (worn)
 t - a +1 pair of gloves (worn)
 u - a +0 chain mail
 v - a +0 cloak (worn)
 y - a +0 plate armour (worn)
Jewellery
 o - a +6 ring of intelligence {unknown}
Wands
 s - a wand of iceblast (9) {@v2}
 w - a wand of enslavement (6)
Scrolls
 f - a scroll of teleportation {unknown}
 g - a scroll of fog {unknown}
 k - 3 scrolls of amnesia {unknown}
 l - 3 scrolls of magic mapping {unknown}
 p - a scroll of fear {unknown}
 r - 5 scrolls of remove curse {unknown}
 x - a scroll of random uselessness {unknown}
 z - a scroll of silence {unknown}
 A - a scroll of torment {unknown}
Potions
 d - a potion of might {@q3}
 e - 3 potions of haste {@q4}
 h - a potion of heal wounds {unknown}
 i - a potion of curing {unknown}
 j - 3 potions of brilliance {unknown}
 n - 2 potions of degeneration {unknown}
 q - a potion of lignification {unknown}


   Skills:
 + Level 5.5 Fighting
 * Level 8.4 Axes
 + Level 6.6 Armour
 + Level 6.6 Shields
 + Level 4.3 Invocations


You had 8 spell levels left.
You didn't know any spells.
Your spell library was empty.

Dungeon Overview and Level Annotations

Branches:
Dungeon (7/15)             Temple (1/1) D:4

Altars:
Cheibriados
Dithmenos
Elyvilon
Fedhas
Hepliaklqana
Kikubaaqudgha
Makhleb
Nemelex Xobeh
Qazlal
Sif Muna
Vehumet
Wu Jian
Yredelemnul
Zin
The Shining One

Portals:
Abyss: D:3

Annotations:
D:3 2 transporters, Lanoc's ghost, amateur MfHu


Innate Abilities, Weirdness & Mutations

You are resistant to damage.
You can heal yourself by infusing magical energy.
You passively map the area around you.
You do not regenerate.


Message History

The wraith moves out of view.
Found a shiny moonstone ring and 20 gold pieces.
A gargoyle is nearby!
A gargoyle is nearby!
A gargoyle is nearby!
A gargoyle is nearby!
A gargoyle is nearby!
A gargoyle is nearby!
A gargoyle is nearby!
A hydra, a big kobold, a deep elf mage and 2 ogres come into view.
The ogre shouts!
The two-headed ogre shouts in stereo!
The deep elf mage shouts!
The big kobold shouts!
The big kobold throws a stone.
The stone hits you.
Found six items.
There is an open door here.
You see here a stone.
The gargoyle hurls a stone arrow at you.
The stone arrow hits you! The wraith hits you.
You hit the gargoyle.
The gargoyle is lightly damaged.
You hit the wraith. The wraith hits you but does no damage.
The gargoyle hits you but does no damage.
You hit the gargoyle but do no damage.
The gargoyle is lightly damaged.
You hit the wraith but do no damage.
You chop one of the eight-headed hydra's heads off!
The seven-headed hydra grows two more!
You hit the nine-headed hydra. The wraith hits you but does no damage.
The nine-headed hydra bites you but does no damage.
The nine-headed hydra bites you!
The nine-headed hydra bites you but does no damage.
The nine-headed hydra bites you! The nine-headed hydra bites you.
The nine-headed hydra barely misses you.
You block the nine-headed hydra's attack. x2
The nine-headed hydra bites you. You block the gargoyle's attack.
The wraith hits you but does no damage.
You hack one of the nine-headed hydra's heads off!
The eight-headed hydra grows two more!
You slice the ten-headed hydra!!
The ten-headed hydra is moderately wounded.
You hit the gargoyle but do no damage. You hit the wraith.
The ten-headed hydra completely misses you.
The ten-headed hydra bites you but does no damage.
You block the ten-headed hydra's attack.
The ten-headed hydra bites you but does no damage. x2
You block the ten-headed hydra's attack.
The ten-headed hydra bites you. x2
The ten-headed hydra completely misses you.
The ten-headed hydra bites you but does no damage.
The deep elf mage casts a spell at you. The bolt of lightning hits you! x2
* * * LOW HITPOINT WARNING * * *
The bolt of lightning hits the gargoyle.
The gargoyle resists.
The wraith hits you but does no damage.
The gargoyle hits you but does no damage.
You are too injured to fight recklessly!
You are too injured to fight recklessly!
You are too injured to fight recklessly!
You are too injured to fight recklessly!
You are too injured to fight recklessly!
You are too injured to fight recklessly!
You are too injured to fight recklessly!
You are too injured to fight recklessly!
You are too injured to fight recklessly!
You are too injured to fight recklessly!
You are too injured to fight recklessly!
You are too injured to fight recklessly!
You are too injured to fight recklessly!
You are too injured to fight recklessly!
Unknown command.
You feel much better.
The ten-headed hydra bites you but does no damage.
You block the ten-headed hydra's attack.
The ten-headed hydra bites you but does no damage.
The ten-headed hydra bites you. The ten-headed hydra bites you!
You block the ten-headed hydra's attack. x2
The ten-headed hydra bites you!
The ten-headed hydra bites you but does no damage.
The ten-headed hydra bites you.
* * * LOW HITPOINT WARNING * * *
The wraith hits you.
* * * LOW HITPOINT WARNING * * *
The wraith drains your vigour!
You feel yourself slow down.
The gargoyle hits you with a +0 morningstar!
* * * LOW HITPOINT WARNING * * *
You block the deep elf mage's attack. You block the two-headed ogre's attack.
The two-headed ogre barely misses you.
The ten-headed hydra closely misses you.
The ten-headed hydra bites you.
The ten-headed hydra bites you but does no damage.
The ten-headed hydra bites you!
* * * LOW HITPOINT WARNING * * *
You block the ten-headed hydra's attack.
The ten-headed hydra bites you.
The ten-headed hydra bites you but does no damage.
The ten-headed hydra bites you.
The ten-headed hydra bites you but does no damage. x2
The deep elf mage points at you and mumbles some strange words.
The bolt of lightning hits you!!
You die...

.........## #########'##.....####
.........# ,#.......#..#......#..
....##.).# #.⌠...⌠.#..#..##.....
....#...## ,#..⌠....#..#.####....
#......#### +...⌠...'.##.#####...
#.........###....⌠..######.......
............#.⌠...⌠.#.##.##......
..........<.#.......#............
............####@#####.(.........
#.........>...##e## #...........
##..###......##ODW# #.#.........
##..###.###.##.O9K.# #...........
.#...#..##.##.......##...........
........####.......!.##.##.......
...#.##..##....$=$....##....#....
...#.....#....)[#=?....##..##....
.........###############...###...


You could see a ten-headed hydra, a two-headed ogre, a deep elf mage, a wraith,
a gargoyle, a big kobold and an ogre.

Vanquished Creatures
  Eustachio (D:4)
  A water moccasin (D:5)
  3 orc warriors
  An ice beast (D:6)
  A phantom (D:4)
  2 ogres (D:7)
  Blork the orc (D:4)
  4 bullfrogs
  A scorpion (D:4)
  A howler monkey (D:4)
  A quasit (D:4)
  10 orc priests
  A hound (D:4)
  3 jellies
  12 orc wizards
  A worker ant (D:4)
  A howler monkey zombie (D:6)
  4 adders
  6 gnolls
  A shadow imp (D:5)
  A white imp (D:5)
  An ufetubus (D:6)
  2 dart slugs (D:4)
  2 leopard geckos
  24 orcs
  A ball python (D:1)
  2 bats
  3 giant cockroaches
  2 goblins
  A hobgoblin (D:2)
  7 jackals
  A kobold (D:1)
  4 quokkas
  4 frilled lizards
  A leopard gecko skeleton (D:6)
  3 rats (D:3)
115 creatures vanquished.

Notes
Turn   | Place    | Note
-------+----------+-------------------------------------------
     0 | D:1      | EnegeticOcto the Deep Dwarf Fighter began the quest for the
                  | Orb.
     0 | D:1      | Reached XP level 1. HP: 20/20 MP: 1/1
    48 | D:1      | Reached XP level 2. HP: 27/27 MP: 2/2
   216 | D:3      | Reached skill level 3 in Axes
   218 | D:3      | Reached XP level 3. HP: 17/34 MP: 3/3
   295 | D:3      | Found a transporter.
   307 | D:3      | Found a one-way gate to the infinite horrors of the Abyss.
   307 | D:3      | Noticed Lanoc's ghost (amateur MfHu)
   331 | D:3      | Found a transporter.
   433 | D:4      | Reached XP level 4. HP: 20/42 MP: 3/3
   444 | D:4      | Reached skill level 4 in Axes
   444 | D:4      | Reached XP level 5. HP: 25/49 MP: 4/4
   493 | D:4      | Reached XP level 6. HP: 38/56 MP: 5/5
   561 | D:4      | Reached skill level 5 in Axes
   617 | D:4      | Noticed Blork the orc
   618 | D:4      | Noticed Eustachio
   627 | D:4      | Killed Blork the orc
   644 | D:4      | Killed Eustachio
   644 | D:4      | Reached skill level 5 in Armour
   644 | D:4      | Reached skill level 5 in Shields
   644 | D:4      | Reached XP level 7. HP: 53/64 MP: 4/4
   699 | D:4      | Reached skill level 6 in Axes
   832 | D:4      | Found a staircase to the Ecumenical Temple.
   860 | Temple   | Entered the Ecumenical Temple
   972 | Temple   | Became a worshipper of Makhleb the Destroyer
  1082 | D:5      | Entered Level 5 of the Dungeon
  1124 | D:5      | Reached skill level 1 in Invocations
  1200 | D:5      | Reached XP level 8. HP: 67/73 MP: 4/6
  1931 | D:6      | Reached skill level 7 in Axes
  2080 | D:6      | Reached * piety under Makhleb
  2111 | D:6      | Reached skill level 5 in Fighting
  2443 | D:7      | Found a shadowy altar of Dithmenos.
  2497 | D:7      | Reached skill level 8 in Axes
  2551 | D:7      | Gained mutation: You passively map the area around you.
                  | [Deep Dwarf growth]
  2551 | D:7      | Reached XP level 9. HP: 48/81 MP: 3/3
  2909 | D:7      | Noticed a gargoyle
  2910 | D:7      | Noticed a two-headed ogre
  2910 | D:7      | Noticed an eight-headed hydra
  2910 | D:7      | Noticed a deep elf mage
  2918 | D:7      | Killed from afar by a deep elf mage

Illustrated notes

Levels and vault maps discovered:
D:1:      dpeg_arrival_three_same_balls, layout_basic
D:2:      layout_basic, minmay_fractal_squares_5
D:3:      gammafunk_steamed_eel, layout_loops_ring,
          chequers_ecumenical_altar_grove, gammafunk_ghost_abyssal_escape,
          uniq_jessica
D:4:      layout_rooms, minmay_temple_entry_antechambers, uniq_blork_the_orc,
          uniq_eustachio
D:5:      layout_loops_ring
D:6:      layout_rooms
D:7:      minmay_chambers_of_sevens, layout_cave_pools,
          nicolae_dithmenos_the_darkroom
Temple:   minmay_crystal_snake_temple

Skill      XL: |  1  2  3  4  5  6  7  8  9 |
---------------+----------------------------+-----
Axes           | 3 4 5 6 8 |  8.4
Fighting       | 3 4 5 |  5.5
Armour         | 4 5 6 |  6.6
Shields        | 4 5 6 |  6.6
Invocations    | 1 3 4 |  4.3

Action                   |  1- 3 |  4- 6 |  7- 9 || total
-------------------------+-------+-------+-------++-------
Melee: War axe           |    73 |    89 |   273 ||   435
 Abil: Heal Wounds       |     2 |    11 |    24 ||    37
Armor: Scale mail        |    47 |   101 |    42 ||   190
       Chain mail        |       |       |    93 ||    93
       Plate armour      |       |       |    47 ||    47
Dodge: Dodged            |    33 |    59 |    82 ||   174
Block: Kite shield       |    44 |   102 |   207 ||   353

Table legend: (Time is in decaauts)
 A = Elapsed time spent in this place.
 B = Non-inter-level travel time spent in this place.
 C = Inter-level travel time spent in this place.
 D = Time resting spent in this place.
 E = Time spent auto-exploring this place.
 F = Levels seen in this place.
 G = Mean time per level.
                   A        B        C        D        E       F      G
               +--------+--------+--------+--------+--------+-----+--------+
         Total |   3041 |   2798 |    243 |      0 |   1892 |   8 |  380.1 |
       Dungeon |   2907 |   2725 |    182 |      0 |   1822 |   7 |  415.3 |
        Temple |    133 |     72 |     61 |      0 |     70 |   1 |  133.0 |
               +--------+--------+--------+--------+--------+-----+--------+

Top non-repeatable levels by time:
     D:5: 767 daAuts
     D:4: 653 daAuts
     D:6: 570 daAuts
     D:7: 541 daAuts
     D:3: 211 daAuts
  Temple: 133 daAuts
     D:1: 105 daAuts
     D:2: 58 daAuts
